Map: Ever Dream LE

Players

ShaDoWn - Winner!

  • Race: Protoss Protoss
  • Spawn Location: 1:00

BratOK (Brat_OK)

  • Race: Terran Terran
  • League: Master
  • Spawn Location: 7:00

Event: DreamHack SC2 Masters 2020 Summer Europe

VOD

Have the link to the VOD?

Description

Time

  • Played on: June 24, 2020, 11:59 a.m.
  • Length: 10:58

All games in this series

Show
View Real Time Build Order
Export as new Build Order

ShaDoWn Protoss - Winner!

Build Orders: 1 Gate Expand, Blink Stalkers, Colossus Rush 

Get SALT Encoding   

  12  0:00  Probe  
  13  0:12  Probe  
  14  0:17  Pylon  
  14  0:24  Probe  
  15  0:32  Probe  
  15  0:38  Gateway  
  15  0:40  Probe  
  16  0:46  Assimilator  
  17  0:51  Probe  
  18  1:03  Probe  
  19  1:15  Probe  
  20  1:22  Nexus  
  20  1:32  Cybernetics Core  
  20  1:34  Probe  
  21  1:40  Assimilator  
  21  1:46  Probe  
  22  1:49  Pylon  
  22  1:58  Adept  
  22  1:59  Probe  
  23  2:08  Warp Gate  
  25  2:11  Probe  
  26  2:23  Probe  
  26  2:28  Stalker  
  26  2:29  Twilight Council  
  29  2:30  Probe  
  29  2:35  Probe  
  31  2:38  Probe  
  32  2:46  Probe  
  32  2:47  Probe  
  32  2:48  Gateway  
  34  2:55  Blink  
  34  2:58  Probe  
  34  2:59  Probe  
  36  3:10  Probe  
  36  3:11  Probe  
  36  3:12  Stalker  
  40  3:22  Probe  
  40  3:23  Robotics Facility  
  41  3:27  Shield Battery  
  41  3:29  Probe  
  41  3:33  Pylon  
  42  3:34  Probe  
  43  3:42  Probe  
  43  3:46  Probe  
  43  3:47  Pylon  
  45  3:54  Probe  
  46  3:56  Stalker  
  46  3:57  Stalker  
  46  3:58  Probe, Gateway  
  46  4:00  Immortal  
  52  4:14  Shield Battery  
  55  4:23  Stalker x2  
  59  4:24  Pylon  
  59  4:25  Probe  
  59  4:26  Probe  
  61  4:32  Assimilator  
  61  4:34  Immortal  
  61  4:38  Probe  
  62  4:43  Probe  
  65  4:46  Pylon  
  65  4:48  Assimilator  
  65  4:52  Pylon  
  65  5:01  Probe x2  
  65  5:03  Nexus  
  67  5:13  Probe  
  68  5:15  Robotics Bay  
  68  5:17  Observer  
  69  5:22  Forge  
  69  5:25  Gateway  
  69  5:27  Gateway  
  71  5:28  Probe x2  
  71  5:31  Pylon  
  69  5:37  Stalker  
  69  5:40  Stalker  
  70  5:46  Probe  
  70  5:48  Probe, Charge  
  72  5:50  Colossus  
  72  5:59  Protoss Ground Weapons Level 1  
  78  6:14  Observer  
  78  6:16  Probe x2  
  78  6:18  Shield Battery  
  80  6:22  Sentry  
  82  6:26  Gateway, Colossus  
  82  6:29  Gateway  
  82  6:31  Probe x2  
  84  6:32  Gateway  
  84  6:36  Probe  
  85  6:43  Probe  
  85  6:44  Probe  
  92  6:48  Probe  
  92  6:49  Sentry  
  95  6:55  Probe, Gateway  
  95  6:56  Gateway  
  95  6:58  Probe  
  95  7:00  Sentry  
  99  7:05  Probe  
  99  7:06  Zealot x3  
  106  7:13  Extended Thermal Lance  
  107  7:17  Stalker  
  107  7:18  Pylon  
  107  7:20  Pylon  
  107  7:21  Pylon  
  108  7:23  Pylon  
  108  7:40  Probe x3  
  108  7:42  Assimilator  
  108  7:43  Zealot x7, Assimilator  
  131  7:58  Zealot x3  
  137  8:03  Zealot x2  
  135  8:05  Zealot x2  
  135  8:06  Zealot  
  133  8:13  Probe, Protoss Ground Weapons Level 2  
  133  8:17  Probe  
  133  8:18  Zealot  
  133  8:19  Zealot x3  
  99  8:26  Zealot x5  
  95  8:27  Colossus  
  95  8:32  Probe  
  94  8:40  Templar Archives  
  101  8:43  Cybernetics Core  
  100  9:01  Nexus  
  100  9:05  Pylon, Colossus  
  100  9:12  Probe  
  100  9:13  Probe  
  100  9:15  Pylon  
  102  9:19  Stalker  
  102  9:20  Stalker x3  
  116  9:30  High Templar x3  
  122  9:31  High Templar  
  122  9:35  Archon x2  
  122  9:36  Sentry  
  126  9:46  Stalker x4  
  134  10:01  Stalker  
  134  10:03  Stalker x3  
  134  10:04  Zealot  
  142  10:10  Zealot  
  142  10:11  Zealot x3  
  147  10:27  Zealot x5  
  149  10:31  Zealot x4  
  155  10:41  Pylon  
  155  10:49  Zealot x5  
  131  10:53  Zealot x2  
Show
View Real Time Build Order
Export as new Build Order

BratOK Terran 

Build Orders:  

Get SALT Encoding   

  12  0:00  SCV  
  13  0:12  SCV  
  14  0:16  Supply Depot  
  14  0:24  SCV  
  15  0:38  SCV  
  15  0:39  Barracks  
  16  0:43  Refinery  
  16  0:50  SCV  
  17  1:02  SCV  
  18  1:14  SCV  
  19  1:26  Barracks Reactor, Orbital Command  
  19  1:42  Command Center  
  19  1:49  Supply Depot  
  20  1:54  SCV  
  20  2:03  Marine x2  
  20  2:06  SCV  
  23  2:13  Factory  
  23  2:20  Marine  
  23  2:21  Marine  
  23  2:22  SCV  
  26  2:29  Refinery  
  26  2:34  SCV  
  27  2:38  Marine x2  
  29  2:47  SCV  
  30  2:56  Orbital Command  
  30  2:59  Marine x2  
  30  3:00  Factory Tech Lab  
  30  3:02  Starport  
  32  3:06  SCV  
  32  3:19  Marine x2, Siege Tank  
  37  3:23  SCV  
  37  3:25  SCV  
  39  3:30  Supply Depot  
  39  3:40  SCV, Medivac  
  39  3:41  SCV  
  43  3:42  Marine x2  
  45  3:55  SCV x2  
  47  3:59  Siege Tank  
  47  4:02  Supply Depot  
  50  4:07  SCV x2  
  50  4:09  Marine x2  
  54  4:19  SCV  
  53  4:27  Marine  
  53  4:31  SCV  
  53  4:32  SCV, Siege Tank  
  58  4:46  Barracks  
  58  4:47  Barracks  
  58  4:52  Starport Tech Lab, Marine x2  
  60  4:53  SCV x2  
  60  4:55  Supply Depot  
  62  5:03  Refinery  
  62  5:04  Engineering Bay  
  62  5:16  Siege Tank  
  62  5:17  Supply Depot  
  62  5:21  Starport Reactor, Marine x2  
  65  5:24  SCV  
  65  5:27  Supply Depot  
  68  5:33  SCV  
  68  5:36  SCV  
  68  5:38  Supply Depot, Terran Infantry Weapons Level 1  
  69  5:45  SCV  
  69  5:48  Stimpack  
  68  5:53  SCV  
  68  5:54  Refinery  
  68  5:57  SCV, Marine x3  
  69  5:58  Factory Reactor  
  69  5:59  Marine  
  69  6:00  Medivac  
  76  6:04  Supply Depot  
  76  6:05  SCV  
  76  6:07  Supply Depot  
  76  6:09  Medivac  
  79  6:12  SCV  
  79  6:14  Marine x2  
  79  6:15  Marine  
  83  6:20  Combat Shield  
  83  6:21  Marine  
  83  6:24  SCV x2  
  83  6:25  Missile Turret  
  86  6:32  Supply Depot, Marine x2  
  86  6:38  Marine  
  86  6:39  Marine  
  90  6:40  Medivac  
  92  6:48  Widow Mine x2  
  92  6:49  Supply Depot  
  92  6:50  Marine x2  
  98  6:55  Supply Depot  
  98  6:56  Medivac, Marauder  
  98  6:57  Marauder  
  98  6:58  Supply Depot  
  104  7:04  SCV  
  104  7:05  SCV  
  106  7:09  Marine x2  
  106  7:13  Widow Mine  
  106  7:14  Widow Mine  
  112  7:17  Marauder  
  112  7:18  Marauder  
  116  7:27  Marine x2  
  117  7:31  SCV, Concussive Shells  
  117  7:33  Liberator  
  118  7:39  Marauder  
  118  7:40  Marauder  
  122  7:49  Liberator  
  125  7:59  Missile Turret, Marine  
  125  8:00  Marauder, Terran Infantry Armor Level 1  
  125  8:01  SCV x2, Marauder  
  124  8:15  Marine  
  124  8:17  Marine  
  97  8:22  Marauder  
  97  8:23  Marauder  
  86  8:32  Marine  
  74  8:35  Marine, Liberator  
  74  8:36  Liberator  
  81  8:43  Marauder  
  81  8:44  Marauder, Widow Mine  
  81  8:45  Widow Mine  
  89  8:49  Barracks  
  89  8:53  Barracks  
  89  9:01  Marine x2  
  91  9:04  Marauder  
  91  9:05  Marauder  
  91  9:06  Widow Mine x2  
  96  9:18  Liberator x2  
  96  9:19  Marine x2  
  104  9:26  Marauder  
  104  9:27  Marauder  
  108  9:37  Marine x2  
  110  9:42  Marine x2  
  112  9:47  Marauder  
  112  9:48  Marauder  
  116  9:55  Marine x2  
  118  10:00  Marine x2  
  120  10:08  Marauder  
  120  10:10  Marauder  
  120  10:12  Marine  
  122  10:22  Marine x3  
  122  10:30  Marauder  
  122  10:31  Marauder  
  122  10:32  Marine  
  129  10:40  Marine  
Tags
 
Add a new tag
Caveats
  • Supply blocks, unpowered buildings, or Contaminate may cause inaccurate times.
  • Supply counts are checked every 10 seconds.